AoeStats
← Takis_Call

Arabia

510135450Analyzed
1v1 RM · 2d ago on Sep 29, 2026· 53m 51s· 2 players
Game mode
Random Map
Map size
Tiny (2 player)
Population
200
Speed
Normal
Resources
Standard
Victory
Conquest
Starting age
Dark Age
Ending age
Imperial Age
RankedLock teamsTeams togetherTeam positionsShared explorationLock speedFull tech treeHidden civsTurbo modeCheats
Victory
Defeat
🇨🇱 Teutons · Chile
1223
+16
🇬🇷 Dravidians · Greece
1231
-16
ledisex
7:10 Loom
10:02 Feudal Age
10:42 Double-Bit Axe
11:39 Horse Collar
20:12 Castle Age
20:37 Scale Barding Armor
21:18 Bloodlines
25:45 Gold Mining
34:23 Chain Barding Armor
38:20 Wheelbarrow
39:28 Scale Mail Armor
40:08 Elite Skirmisher
41:04 Fletching
41:43 Bodkin Arrow
43:43 Chain Mail Armor
44:51 Ballistics
48:48 Imperial Age
48:56 Town Watch
49:27 Hand Cart
49:16 Cavalier
51:37 Plate Barding Armor
52:32 Chemistry
52:13 Padded Archer Armor
52:44 Conscription
52:13 Paladin
54:04 Leather Archer Armor
Takis_Call
6:20 Loom
9:59 Feudal Age
11:11 Double-Bit Axe
14:17 Fletching
17:51 Horse Collar
19:55 Padded Archer Armor
21:48 Scale Mail Armor
25:32 Castle Age
26:20 Forging
25:40 Crossbowman
26:16 Bodkin Arrow
25:55 Pikeman
26:21 Arson
26:37 Squires
26:30 Town Watch
27:45 Leather Archer Armor
27:49 Chain Mail Armor
29:02 Wheelbarrow
42:13 Ballistics
47:45 Thumb Ring
49:00 Husbandry
52:58 Imperial Age
51:53 Light Cavalry
52:43 Scale Barding Armor
53:48 Bracer
Connection lost

Rejoining the realm…

Still unreachable

The connection could not be restored.

Session expired

The server has moved on; the page needs a fresh start.